 Dungeon Sprint DCSS version 0.26-a0-1058-g8dc6ce00ff (webtiles) character file.

Game seed: 16256145834747815749

2177 Adamkad1 the Bludgeoner (level 9, 0/64 HPs)
             Began as a Formicid Fighter on Dec 13, 2020.
             Was an Elder of Wu Jian.
             Slain by a cane toad (10 damage)
             ... in the Dungeon (Sprint V: "Ziggurat Sprint").
             The game lasted 00:04:24 (526 turns).

Adamkad1 the Bludgeoner (Formicid Fighter)           Turns: 526, Time: 00:04:24

Health: 0/64       AC: 20    Str: 30    XL:     9   Next: 58%
Magic:  9/9        EV: -1    Int:  8    God:    Wu Jian [****..]
Gold:   0          SH: 29    Dex: 16    Spells: 8/8 levels left

rFire    + . .     SeeInvis +   B - +10 dark maul {vorpal}
rCold    + + .     Faith    .   C - +18 shield of the Gong {rElec rN+ Will+ EV-5}
rNeg     + + .     Spirit   .   h - +5 gold dragon scales
rPois    +         Reflect  .   (helmet unavailable)
rElec    +         Harm     .   (no cloak)
rCorr    .         Rampage  .   D - +1 pair of gloves of Proximity {rC+}
Will     +....                  (no boots)
Stlth    ..........             (no amulet)
HPRegen  0.20/turn              c - ring of Mistrust {+Blink rN+ Dex+6}
MPRegen  0.11/turn              z - +6 ring of strength

@: lethally poisoned (0 -> -3), studying Slings
A: permanent stasis, dig shafts and tunnels, four strong arms, antennae 3
a: Dig, Wall Jump, Serpent's Lash, Renounce Religion


You were in the Dungeon.
You worshipped Wu Jian.
Wu Jian was greatly pleased with you.
You visited 1 branch

Inventory:

Hand Weapons
 B - the +10 dark maul (weapon) {vorpal}
   (You found it in the Dungeon)

   It inflicts extra damage upon your enemies.
Armour
 h - +5 gold dragon scales (worn)
 C - the +18 shield of the Gong (worn) {rElec rN+ Will+ EV-5}
   (You found it in the Dungeon)

   It affects your evasion (-5).
   It insulates you from electricity.
   It protects you from negative energy.
   It affects your willpower, your defense against some magical effects.
 D - the +1 pair of gloves of Proximity (worn) {rC+}
   (You found it in the Dungeon)

   It protects you from cold.
Jewellery
 c - the ring of Mistrust (left hand) {+Blink rN+ Dex+6}
   (You found it in the Dungeon)

   [ring of dexterity]

   It affects your dexterity (+6).
   It protects you from negative energy.
   It lets you blink.
 u - an uncursed ring of flight
 v - a +6 ring of dexterity
 w - a +6 ring of dexterity
 x - a +6 ring of intelligence
 y - a +6 ring of intelligence
 z - a +6 ring of strength (right hand)
 A - a +6 ring of strength
 E - the ring "Cosysi" {Ice rPois Will- Dex+6}
   (You found it in the Dungeon)

   [ring of ice]

   It enhances your ice magic.
   It affects your dexterity (+6).
   It makes you vulnerable to fire.
   It protects you from cold.
   It protects you from poison.
   It affects your willpower, your defense against some magical effects.
Wands
 r - a wand of disintegration (7)
 s - a wand of iceblast (7)
 t - a wand of acid (7)
Scrolls
 b - 4 scrolls of amnesia
 i - 7 scrolls of fog
 j - a scroll of holy word
 k - 5 scrolls of identify
 l - 5 scrolls of remove curse
 m - 2 scrolls of fear
 F - a scroll of brand weapon
Potions
 d - 6 potions of might
 e - 10 potions of curing
 f - 10 potions of heal wounds
 g - 7 potions of magic
 n - 2 potions of brilliance
 o - 2 potions of invisibility
 p - 4 potions of resistance
Books
 q - a manual of Slings
Miscellaneous
 a - a lightning rod (4/4)


   Skills:
 - Level 3.2 Fighting
 * Level 19.1 Maces & Flails
 - Level 3.2 Armour
 - Level 3.6 Shields


You had 8 spell levels left.
You didn't know any spells.
Your spell library was empty.

Dungeon Overview and Level Annotations

Branches:
Dungeon (1/1)

Altars:
Ashenzari
Cheibriados
Dithmenos
Elyvilon
Fedhas
Gozag
Hepliaklqana
Kikubaaqudgha
Makhleb
Nemelex Xobeh
Okawaru
Qazlal
Ru
Sif Muna
Trog
Uskayaw
Vehumet
Wu Jian
Xom
Yredelemnul
Zin
The Shining One
Beogh
Jiyva
Lugonu

Annotations:
D 1 transporter


Innate Abilities, Weirdness & Mutations

You cannot be hasted, slowed, berserked, paralysed or teleported.
You can dig through walls and to a lower floor.
Your four strong arms can wield two-handed weapons with a shield.
You have a pair of large antennae on your head. (SInv)


Message History

* * * LOW HITPOINT WARNING * * *
The yak gores you but does no damage.
The iguana bites you but does no damage.
The cane toad stings you.
* * * LOW HITPOINT WARNING * * *
You are too exhausted to lash out.
You spin to attack the yak, but your attack speed is too slow for a blow to land.
You feel less exhausted. The wolf completely misses you.
The yak gores you but does no damage.
You bludgeon the yak!!
The yak is heavily wounded.
You feel sick. You block the wolf's attack.
PTOANNNG!
You block the wolf's attack.
GONNNNG!
The cane toad stings you but does no damage.
The yak gores you.
* * * LOW HITPOINT WARNING * * *
The wolf bites you but does no damage. The cane toad stings you!
You die...

▓...)....▓........▓
▓...)....▓........▓
{
▓.▓....▓.▓.▓....▓.▓
{
▓...©....▓...©....▓
▓▓▓▓▓▓▓▓▓▓▓▓▓▓▓▓▓▓▓
▓..8©8..▓


{{{{ ▓..)||..▓ {{{ ▓..lh}..▓ ▓..@Y.†.▓ ▓...F...▓ ▓.......▓ ▓.......▓ ▓.▓...▓.▓
▓...©...▓ ▓▓▓▓▓▓▓▓▓ {{{ You could see a yak, a cane toad, a wolf and an iguana.

Vanquished Creatures
  A cane toad (D)
  4 merfolk (D)
  A slime creature (D)
  2 yaks (D)
  A hell hound (D)
  An eye of draining (D)
  2 iron imps (D)
  2 jellies (D)
  A river rat (D)
  A white imp (D)
  2 ufetubi (D)
  An ooze (D)
  An adder zombie (D)
20 creatures vanquished.

Notes
Turn   | Place    | Note
-------+----------+-------------------------------------------
     0 | D        | Adamkad1 the Formicid Fighter began the quest for the Orb.
     0 | D        | Reached XP level 1. HP: 18/18 MP: 1/1
     1 | D        | Banished a spatial maelstrom
    11 | D        | Banished a spatial maelstrom
    15 | D        | Found a blossoming altar of Fedhas.
    16 | D        | Found the +6 Majin-Bo {vamp, MP+6 Int+6}
    16 | D        | Found the +9 heavy crossbow "Sniper" {vorpal, Acc+∞ SInv}
    16 | D        | Found the +10 dark maul {vorpal}
    16 | D        | Found the +15 Maxwell's patent armour {-Cast -Tele rElec
                  | Will+ rCorr}
    16 | D        | Found the +18 shield of the Gong {rElec rN+ Will+ EV-5}
    16 | D        | Found the cursed +14 obsidian axe {vorpal, +Fly SInv
                  | *Curse}
    16 | D        | Found the +7 great mace "Firestarter" {inner flame, rF++}
    16 | D        | Found the +6 shillelagh "Devastator" {shatter}
    16 | D        | Found the +11 plutonium sword {*Contam Stlth-}
    16 | D        | Found the +8 lance "Wyrmbane" {slay drac, rPois rF+ rC+
                  | AC+3}
    16 | D        | Found the +9 sword of Zonguldrok {reap}
    16 | D        | Found the cursed +13 scythe of Curses {drain, *Curse}
    16 | D        | Found the +0 sword of Power
    16 | D        | Found the +7 mace of Variability {chain chaos}
    16 | D        | Found the +7 Singing Sword {vorpal, sonic wave}
    16 | D        | Found the +8 storm bow {elec, penet}
    16 | D        | Found a sacrificial altar of Ru.
    16 | D        | Found a shimmering blue altar of Sif Muna.
    16 | D        | Found a stormy altar of Qazlal.
    16 | D        | Found a bloodstained altar of Trog.
    16 | D        | Found an iron altar of Okawaru.
    16 | D        | Found a sparkling altar of Nemelex Xobeh.
    16 | D        | Found a transporter.
    16 | D        | Found an ancient bone altar of Kikubaaqudgha.
    16 | D        | Found a viscous altar of Jiyva.
    16 | D        | Found a corrupted altar of Lugonu.
    16 | D        | Found a hazy altar of Hepliaklqana.
    16 | D        | Found a burning altar of Makhleb.
    16 | D        | Found an opulent altar of Gozag.
   103 | D        | Became a worshipper of the Wu Jian Council
   122 | D        | Entered arena 2.
   122 | D        | Noticed a yak
   122 | D        | Found a transporter.
   125 | D        | Killed a yak
   126 | D        | Reached skill level 10 in Maces & Flails
   126 | D        | Reached XP level 2. HP: 23/24 MP: 2/2
   126 | D        | Reached XP level 3. HP: 28/29 MP: 3/3
   126 | D        | Reached XP level 4. HP: 34/35 MP: 4/4
   126 | D        | Reached XP level 5. HP: 40/41 MP: 5/5
   132 | D        | Entered arena 3.
   132 | D        | Noticed a hell hound
   132 | D        | Found a transporter.
   136 | D        | Killed a hell hound
   136 | D        | Reached * piety under Wu Jian
   137 | D        | Reached skill level 12 in Maces & Flails
   137 | D        | Reached XP level 6. HP: 24/47 MP: 6/6
   287 | D        | Got the ring of Mistrust {+Blink rN+ Dex+6}
   290 | D        | Got the +1 pair of gloves of Proximity {rC+}
   304 | D        | Reached skill level 15 in Maces & Flails
   304 | D        | Reached XP level 7. HP: 52/52 MP: 7/7
   307 | D        | Entered arena 4.
   307 | D        | Found a transporter.
   310 | D        | Reached ** piety under Wu Jian
   317 | D        | Reached *** piety under Wu Jian
   327 | D        | Entered arena 5.
   327 | D        | Noticed a merfolk
   327 | D        | Noticed a merfolk
   327 | D        | Noticed a merfolk
   327 | D        | Noticed a merfolk
   327 | D        | Found a transporter.
   330 | D        | Killed a merfolk
   331 | D        | Reached skill level 16 in Maces & Flails
   331 | D        | Reached XP level 8. HP: 42/58 MP: 8/8
   331 | D        | Killed a merfolk
   332 | D        | Killed a merfolk
   333 | D        | Reached skill level 17 in Maces & Flails
   337 | D        | Killed a merfolk
   338 | D        | Reached XP level 9. HP: 46/64 MP: 9/9
   431 | D        | Got the ring "Cosysi" {Ice rPois Will- Dex+6}
   444 | D        | Entered arena 6.
   444 | D        | Noticed a slime creature
   444 | D        | Found a transporter.
   446 | D        | Reached **** piety under Wu Jian
   449 | D        | Reached skill level 18 in Maces & Flails
   450 | D        | Killed a slime creature
   512 | D        | Entered arena 7.
   512 | D        | Noticed a cane toad
   512 | D        | Noticed a cane toad
   513 | D        | Found the ring of the Octopus King {rN+ AC+1 EV+1 Str+1
                  | Int+1 Dex+1}
   513 | D        | Found a transporter.
   517 | D        | Killed a cane toad
   523 | D        | Reached skill level 19 in Maces & Flails
   526 | D        | Slain by a cane toad

Illustrated notes

Levels and vault maps discovered:
D:        sprint_v [room_start, room_1, room_2, room_3, room_4, room_5, room_6,
          room_7, room_8, room_9, room_10, room_11, room_12, room_13, room_14,
          room_15, room_16, room_17, room_18, room_19, room_20, room_21,
          room_22, room_23, room_24, room_25, room_26, room_27]

Skill      XL: |  1  2  3  4  5  6  7  8  9 |
---------------+----------------------------+-----
Maces & Flails | 10 12 15 16 17 19 | 19.1
Fighting       | |  3.2
Armour         | |  3.2
Shields        | |  3.6

Action                   |  1- 3 |  4- 6 |  7- 9 || total
-------------------------+-------+-------+-------++-------
Melee: Maul              |     2 |     6 |    33 ||    41
Invok: Whirlwind         |       |       |     8 ||     8
       Lunge             |       |       |     3 ||     3
       Serpent's Lash    |       |       |     3 ||     3
 Abil: Dig               |       |     3 |       ||     3
  Use: Potion            |       |     1 |       ||     1
Armor: Gold dragon scale |     4 |     4 |    45 ||    53
Dodge: Dodged            |       |       |     1 ||     1
Block: Kite shield       |     6 |    10 |    80 ||    96

Table legend: (Time is in decaauts)
 A = Elapsed time spent in this place.
 B = Non-inter-level travel time spent in this place.
 C = Inter-level travel time spent in this place.
 D = Time resting spent in this place.
 E = Time spent auto-exploring this place.
 F = Levels seen in this place.
 G = Mean time per level.
                   A        B        C        D        E       F      G
               +--------+--------+--------+--------+--------+-----+--------+
         Total |    562 |    547 |     15 |    285 |      0 |   1 |  562.0 |
       Dungeon |    562 |    547 |     15 |    285 |      0 |   1 |  562.0 |
               +--------+--------+--------+--------+--------+-----+--------+

Top non-repeatable levels by time:
       D: 562 daAuts
